 Dungeon Crawl Stone Soup version 0.29.1-1-gd02db6906a (webtiles) character file.

Game seed: 3468681046440819650

65 sankara the Insei (level 4, -4/36 HPs)
             Began as a Meteoran Transmuter on Oct 13, 2022.
             Slain by a gnoll
             ... wielding a +0 spear
              (9 damage)
             ... on level 2 of the Dungeon.
             The game lasted 00:04:14 (542 turns).

sankara the Insei (Meteoran Transmuter)              Turns: 542, Time: 00:04:16

Health: -4/36      AC:  2    Str: 12    XL:     4   Next: 60%
Magic:  16/18      EV: 21    Int: 14    God:
Gold:   35         SH:  0    Dex: 21    Spells: 3/9 levels left

rFire   . . .      SeeInvis .     - Unarmed
rCold   . . .      Faith    .   (shield currently unavailable)
rNeg    . . .      Spirit   .   (body armour currently unavailable)
rPois   x          Reflect  .   (helmet currently unavailable)
rElec   .          Harm     .   (cloak currently unavailable)
rCorr   .          Rampage  .   (gloves currently unavailable)
Will    .....                   (boots currently unavailable)
Stlth   +.........              (no amulet)
HPRegen 0.12/turn               n - ring of magical power
MPRegen 0.16/turn               (no ring)

@: spider-form (expiring), wereblooded, glowing
A: venomous fangs, tiny, sense surroundings 1, otherworldly, glowing, explore
regen
a: End Transformation


You were on level 2 of the Dungeon.
You were a venomous arachnid creature.
You visited 1 branch of the dungeon, and saw 2 of its levels.

You collected 35 gold pieces.

Inventory:

Missiles
 f - 2 atropa-tipped darts
 g - 11 stones
Armour
 a - a +0 robe (melded)
 m - a +0 leather armour
 o - a +2 helmet (melded)
Jewellery
 n - a ring of magical power (left front leg)
Wands
 h - a wand of roots (10)
Scrolls
 c - 6 scrolls of identify {unknown}
 j - a scroll of vulnerability {unknown}
 k - a scroll of brand weapon {unknown}
 p - a scroll of teleportation {unknown}
Potions
 b - 2 potions of lignification
 d - a potion of attraction {unknown}
 e - a potion of curing {unknown}
 i - a potion of mutation {unknown}
 l - a potion of might {unknown}


   Skills:
 + Level 1.9 Fighting
 + Level 3.0 Dodging
 * Level 4.5 Unarmed Combat
 - Level 3.0 Spellcasting
 + Level 3.1 Transmutations
 + Level 0.8 Poison Magic


You had 3 spell levels left.
You knew the following spells:

 Your Spells              Type           Power      Damage    Failure   Level
a - Beastly Appendage     Tmut           20%        N/A       17%         1
b - Wereblood             Tmut           10%        N/A       22%         2
c - Spider Form           Tmut/Pois      7%         N/A       50%         3

Your spell library contained the following spells:

 Spells                   Type           Power      Damage    Failure   Level
 Ice Form                 Ice/Tmut       6%         N/A       89%         4


Dungeon Overview and Level Annotations

Branches:
Dungeon (2/15) Zot: 663

Altars:


Innate Abilities, Weirdness & Mutations

You are a venomous arachnid creature.
You have poisonous fangs.
You are tiny and dextrous.
Your spellcasting is less reliable in this form.
Your armour is entirely melded.
You are incapable of wielding weapons or throwing items.
You passively map a small area around you.
You are easily found by Zot.
You glow in the dark.
You regain HP and MP as you explore.


Message History

You turn into a venomous arachnid creature.
Your +2 helmet melds into your body.
Your +0 robe melds into your body.
The gnoll closely misses you. The gnoll completely misses you.
The gnoll barely misses you. The gnoll misses you.
You barely miss the gnoll. The gnoll closely misses you. The gnoll misses you.
The gnoll barely misses you.
You hit the gnoll but do no damage.
The gnoll is poisoned.
The gnoll barely misses you.
The gnoll hits you from afar with a +0 spear.
The gnoll hits you with a +0 halberd!
You hit the gnoll.
The gnoll looks as sick as possible!
The gnoll is heavily wounded.
The giant cockroach bites you but does no damage.
The gnoll hits you with a +0 spear. The gnoll misses you.
The gnoll barely misses you.
You hit the gnoll.
The gnoll is poisoned.
The gnoll is heavily wounded.
The gnoll hits you with a +0 spear. The gnoll hits you with a +0 halberd.
* * * LOW HITPOINT WARNING * * *
The gnoll hits you with a +0 spear.
* * * LOW HITPOINT WARNING * * *
The giant cockroach completely misses you.
Your transformation is almost over.
The gnoll closely misses you. The gnoll barely misses you.
The gnoll completely misses you. The giant cockroach misses you.
You kill the gnoll!
Your Dodging skill increases to level 3!
The giant cockroach attacks as you move away!
The giant cockroach bites you.
* * * LOW HITPOINT WARNING * * *
You kill the gnoll!
The giant cockroach closely misses you.
You hit the giant cockroach.
The giant cockroach is poisoned.
The giant cockroach is severely wounded.
You hiss as the wereblood boils in your veins!
You feel a bit better.
You kill the giant cockroach!
The gnoll hits you from afar with a +0 spear!
You die...

#<........#....... ,
#.........###..... ,
#.........#....... ,
#..................,
#...##......#.....#
#..#........#.##..#
..#.##.......## . #.
#.#...>#.#...., ,
...##...#s##.......
,
.......##†....##...
.##.).g..........
,#..#.#.#...##..# ,
........).....# , *
........#..##..., ,
......###..# .... ,
.....# #..#* ...
..... #### .. ,


You could see a gnoll.

Vanquished Creatures
  2 gnolls (D:2)
  2 worms (D:2)
  2 dart slugs (D:2)
  2 bats (D:1)
  3 endoplasms (D:1)
  2 giant cockroaches
  5 goblins
  4 hobgoblins
  4 jackals (D:2)
  3 ball pythons
  3 frilled lizards
  2 kobolds (D:1)
34 creatures vanquished.

Notes
Turn   | Place    | Note
-------+----------+-------------------------------------------
     0 | D:1      | sankara the Meteoran Transmuter began the quest for the
                  | Orb.
     0 | D:1      | Reached XP level 1. HP: 16/16 MP: 5/5
    83 | D:1      | Reached XP level 2. HP: 23/23 MP: 6/6
    86 | D:1      | Learned a level 2 spell: Wereblood
   186 | D:1      | Reached skill level 4 in Unarmed Combat
   213 | D:1      | Found a faded altar of an unknown god.
   268 | D:1      | Reached XP level 3. HP: 24/28 MP: 6/8
   409 | D:2      | Learned a level 3 spell: Spider Form
   508 | D:2      | Reached XP level 4. HP: 23/36 MP: 9/9
   542 | D:2      | Slain by a gnoll

Illustrated notes

Levels and vault maps discovered:
D:1:      erik_arrival_blinker_ship, layout_basic,
          ebering_ecumenical_altar_abandoned, corexii_leaking_fountain
D:2:      layout_rooms, minivault_14

Skill      XL: |  1  2  3  4 |
---------------+-------------+-----
Unarmed Combat | 4 |  4.5
Spellcasting   | 3 |  3.0
Transmutations | 3 |  3.1
Dodging        | 3 |  3.0
Fighting       | |  1.9
Poison Magic   | |  0.8

Action                   |  1- 3 |  4- 6 || total
-------------------------+-------+-------++-------
Melee: Unarmed           |    63 |     9 ||    72
       Kick              |     9 |       ||     9
       Headbutt          |     9 |       ||     9
       Punch             |     1 |       ||     1
 Cast: Beastly Appendage |     8 |       ||     8
       Spider Form       |     2 |     1 ||     3
       Wereblood         |     1 |     1 ||     2
Armor: Robe              |    20 |       ||    20
       Skin              |     1 |     1 ||     2
Dodge: Dodged            |    38 |    20 ||    58
